 Dungeon Crawl Stone Soup version 0.29.1-15-g9cfb28693d (webtiles) character file.

Game seed: 6475149988900353397

50 Malicious the Trooper (level 3, 0/33 HPs)
             Began as a Ghoul Fighter on Mar 31, 2023.
             Slain by Pargi (3 damage)
             ... on level 3 of the Dungeon.
             The game lasted 00:02:22 (1584 turns).

Malicious the Trooper (Ghoul Fighter)               Turns: 1584, Time: 00:02:23

Health: 0/33       AC:  6    Str: 21    XL:     3   Next: 79%
Magic:  2/2        EV:  9    Int:  3    God:
Gold:   68         SH:  4    Dex:  8    Spells: 2/2 levels left

rFire   . . .      SeeInvis .   a - +0 war axe
rCold   + . .      Faith    .   c - +0 buckler
rNeg    + + +      Spirit   .   b - +0 scale mail
rPois   ∞          Reflect  .   (no helmet)
rElec   .          Harm     .   (no cloak)
rCorr   .          Rampage  .   (no gloves)
Will    .....                   (no boots)
Stlth   ..........              (no amulet)
HPRegen 0.00/turn               (no ring)
MPRegen 0.08/turn               (no ring)

@: mighty, inhibited regen
A: claws 1, cold resistance 1, negative energy resistance 3, inhibited
regeneration, torment resistance 2, devour on kill
a: no special abilities


You were on level 3 of the Dungeon.
You visited 1 branch of the dungeon, and saw 3 of its levels.

You collected 68 gold pieces.

Inventory:

Hand Weapons
 a - a +0 war axe (weapon)
Missiles
 j - 2 throwing nets (quivered)
Armour
 b - a +0 scale mail (worn)
 c - a +0 buckler (worn)
Scrolls
 e - 3 scrolls of vulnerability {unknown}
 h - 2 scrolls of noise {unknown}
 k - a scroll of teleportation {unknown}
 l - 3 scrolls of identify {unknown}
 m - 2 scrolls of enchant armour {unknown}
 o - a scroll of poison {unknown}
 p - 2 scrolls of magic mapping {unknown}
Potions
 f - a potion of flight {unknown}
 g - 3 potions of curing {unknown}
 i - a potion of degeneration {unknown}
 n - a potion of lignification {unknown}
 q - 2 potions of heal wounds {unknown}


   Skills:
 * Level 3.6 Fighting
 * Level 2.7 Axes
 * Level 3.0 Armour
 * Level 3.0 Shields


You had 2 spell levels left.
You didn't know any spells.
Your spell library contained the following spells:

 Spells                   Type           Power      Damage    Failure   Level
 Apportation              Tloc           0%         N/A       91%         1
 Foxfire                  Conj/Fire      0%         2x1d4     91%         1
 Necrotise                Necr           0%         1d4       91%         1
 Summon Small Mammal      Summ           0%         N/A       91%         1
 Call Canine Familiar     Summ           0%         N/A       100%        3
 Conjure Flame            Conj/Fire      0%         6-21      100%        3
 Inner Flame              Hex/Fire       0%         N/A       100%        3
 Portal Projectile        Hex/Tloc       0%         N/A       100%        3
 Flame Wave               Conj/Fire      0%         2d4       100%        4
 Leda's Liquefaction      Hex/Erth       0%         N/A       100%        4


Dungeon Overview and Level Annotations

Branches:
Dungeon (3/15)

Altars:
Ashenzari

Annotations:
D:3 Pargi


Innate Abilities, Weirdness & Mutations

You are immune to poison.
You have sharp fingernails.
Your flesh is cold resistant. (rC+)
You are immune to negative energy. (rN+++)
You do not regenerate when monsters are visible.
You are immune to unholy pain and torment.
You thrive by killing the living.


Message History

You hit Pargi.
Pargi is lightly wounded.
Pargi bites you. You block Pargi's attack. Pargi claws you but does no damage.
You barely miss Pargi.
Pargi is lightly wounded.
Pargi bites you but does no damage. Pargi claws you.
Pargi claws you but does no damage. Pargi bites you. Pargi barely misses you.
Pargi closely misses you.
You slash Pargi!
Pargi is moderately wounded.
Pargi bites you. You block Pargi's attack. Pargi claws you but does no damage.
You barely miss Pargi.
Pargi is moderately wounded.
Pargi misses you. You block Pargi's attack. Pargi claws you but does no damage.
You block Pargi's attack. x2; Pargi claws you but does no damage.
You feel very mighty all of a sudden. Pargi bites you but does no damage.
Pargi claws you. Pargi claws you but does no damage.
You closely miss Pargi.
Pargi is moderately wounded.
Pargi closely misses you. Pargi misses you. You block Pargi's attack.
You closely miss Pargi.
Pargi is lightly wounded.
Pargi bites you.
* * * LOW HITPOINT WARNING * * *
Pargi claws you but does no damage. Pargi completely misses you.
You barely miss Pargi.
Pargi is lightly wounded.
Pargi closely misses you. Pargi claws you but does no damage. x2
Pargi bites you.
* * * LOW HITPOINT WARNING * * *
You block Pargi's attack. Pargi claws you but does no damage.
You closely miss Pargi.
Pargi is lightly wounded.
Pargi barely misses you. Pargi claws you but does no damage. Pargi claws you.
* * * LOW HITPOINT WARNING * * *
Pargi attacks as you move away! Pargi bites you.
* * * LOW HITPOINT WARNING * * *
Pargi claws you.
You die...

### #.####
###### ##....#
#..... #..#
.#..... #.## #
♣......
#.#####....
♣.....##.T@...>#
♣.......#######
.♣♣.....##
.P♣.....#######
......##........
♣P♣♣......######
..........#
..........#
#.........#


You could see Pargi.

Vanquished Creatures
  An adder (D:2)
  A worm (D:2)
  3 dart slugs
  5 ball pythons
  4 endoplasms
  A goblin (D:1)
  2 hobgoblins (D:2)
  A quokka (D:2)
  3 bats
  A frilled lizard (D:3)
  5 kobolds
  5 rats
32 creatures vanquished.

Vanquished Creatures (others)
  2 plants (D:3)
2 creatures vanquished.

Grand Total: 34 creatures vanquished

Notes
Turn   | Place    | Note
-------+----------+-------------------------------------------
     0 | D:1      | Malicious the Ghoul Fighter began the quest for the Orb.
     0 | D:1      | Reached XP level 1. HP: 19/19 MP: 0/0
    67 | D:1      | Reached XP level 2. HP: 26/26 MP: 1/1
   748 | D:2      | Found a broken altar of Ashenzari.
   915 | D:2      | Reached XP level 3. HP: 31/31 MP: 2/2
  1565 | D:3      | Noticed Pargi
  1584 | D:3      | Slain by Pargi

Illustrated notes

Levels and vault maps discovered:
D:1:      dpeg_arrival_signposts, layout_loops_cross
D:2:      layout_loops_ring, basic_altar, corexii_leaking_fountain
D:3:      layout_rooms, serial_forest, infiniplex_forest_end_3,
          infiniplex_forest_clump_double, infiniplex_forest_clump_C,
          infiniplex_forest_lined_ring, infiniplex_forest_lined_room_2,
          infiniplex_forest_clump_curved, infiniplex_forest_straight_4,
          infiniplex_forest_corner_2, infiniplex_forest_lined_3_way,
          infiniplex_forest_side_room, uniq_pargi, uniq_robin

Skill      XL: |  1  2 |
---------------+-------+-----
Axes           | 2 |  2.7
Armour         | 3 |  3.0
Shields        | 3 |  3.0
Fighting       | |  3.6

Action                   || total
-------------------------++-------
Melee: War axe           ||    80
  Use: Potion            ||     1
Armor: Scale mail        ||    48
Dodge: Dodged            ||    37
Block: Buckler           ||    29
